 Dungeon Sprint DCSS version 0.24-a0-244-ga6a6ab7 (webtiles) character file.

Game seed: 14497101732478571781

3127 MikeHunt the Unseen (level 9, -3/93 HPs)
             Began as a Naga Assassin on Apr 10, 2019.
             Was an Initiate of Gozag.
             Slain by a crystal guardian (30 damage)
             ... in the Dungeon (Sprint II: "The Violet Keep of Menkaure").
             The game lasted 00:07:44 (802 turns).

MikeHunt the Unseen (Naga Assassin)                  Turns: 802, Time: 00:07:44

Health: -3/93      AC:  7    Str: 24    XL:     9   Next: 92%
Magic:  16/16      EV: 26    Int: 17    God:    Gozag
Gold:   218        SH:  0    Dex: 21    Spells: 8/8 levels left

rFire    . . .     SeeInvis +   p - +4 dagger (venom)
rCold    . . .     Gourm    .   (no shield)
rNeg     . . .     Faith    .   n - +2 leather armour of Plog {-Cast rPois Str+6 Stlth+}
rPois    +         Spirit   .   (no helmet)
rElec    .         Reflect  .   d - +0 cloak
rCorr    .         Harm     .   (no gloves)
MR       ++...     NoTele   +   (no barding) Stlth ++++++++..NoCast +
                                (no amulet)
HPRegen  0.25/turn              l - ring of Oxougorgh {+Inv +Fly rPois MR+}
MPRegen  0.15/turn              r - +4 ring of evasion

@: mighty, brilliant, agile, gold aura, slightly contaminated, slowed, invisible
(expiring), very slow
A: large, see invisible, deformed body, poison resistance, slowness 2, slow
metabolism 1, spit poison 1, AC +3
a: Spit Poison, Potion Petition, Call Merchant, Bribe Branch, Renounce Religion,
Evoke Flight


You were in the Dungeon.
You worshipped Gozag.
Gozag was aware of your devotion.
You were hungry.

You visited 1 branch You collected 1715 gold pieces.
You spent 1497 gold pieces at shops.

Inventory:

Hand Weapons
 a - a +2 dagger
 b - a +0 blowgun
 o - a -1 dagger
 p - a +4 dagger of venom (weapon)
Missiles
 e - 8 poisoned needles
 f - 2 curare-tipped needles
Armour
 c - a +0 robe
 d - a +0 cloak (worn)
 n - the +2 leather armour of Plog (worn) {-Cast rPois Str+6 Stlth+}
   (You bought it in a shop in the Dungeon)

   It affects your strength (+6).
   It protects you from poison.
   It prevents spellcasting.
   It makes you more stealthy.
 q - a +1 robe of positive energy
Jewellery
 l - the ring of Oxougorgh (left hand) {+Inv +Fly rPois MR+}
   (You bought it in a shop in the Dungeon)

   [ring of flight]

   It protects you from poison.
   It affects your resistance to hostile enchantments.
   It lets you turn invisible.
   It lets you fly.
 r - a +4 ring of evasion (right hand)
Potions
 i - a potion of heal wounds
 j - a potion of haste
 k - 2 potions of magic
Comestibles
 g - a ration


   Skills:
 - Level 10.0 Fighting
 - Level 10.0 Short Blades
 - Level 3.3 Throwing
 + Level 9.2 Dodging
 + Level 15.3 Stealth
 - Level 9.7 Evocations


You had 8 spell levels left.
You didn't know any spells.
Your spell library was empty.

Dungeon Overview and Level Annotations

Branches:
Dungeon (1/1)

Altars:
Cheibriados
Dithmenos
Elyvilon
Fedhas
Gozag
Hepliaklqana
Kikubaaqudgha
Makhleb
Nemelex Xobeh
Okawaru
Qazlal
Ru
Sif Muna
Trog
Uskayaw
Vehumet
Wu Jian
Xom
Yredelemnul
Zin
The Shining One
Beogh
Jiyva
Lugonu

Shops:
D ==::![*!!?[%(?(}

Annotations:
D exclusions: ice statue and oklob plant


Innate Abilities, Weirdness & Mutations

You cannot wear boots.
Your serpentine skin is tough. (AC +3)
You have supernaturally acute eyesight. (SInv)
Armour fits poorly on your strangely shaped body.
Your system is resistant to poisons. (rPois)
You cover ground very slowly.
You have a slow metabolism.
You can spit poison.


Message History

The swamp drake dies!
You are lightly contaminated with residual magic.
Really slither into a travel-excluded area?
* * * LOW HITPOINT WARNING * * *
You feel very sick.
You feel better.
You flicker for a moment.
You aren't carrying any items that you can evoke.
Okay, then.
You aren't carrying any items that you can evoke.
Unknown command. [a] - 0 gold - might, agility and brilliance [b] - 0 gold - haste and agility [c] - 0 gold - resistance, might and agility Purchase which effect?
You feel very mighty all of a sudden.
You feel agile all of a sudden.
You feel clever all of a sudden. The crystal guardian hits you!!
You die...
Your body crumbles into a pile of gold. .....# $ ..#°$# $ $ $ $ '##..# #.#°k# #.##.####$ +.##§# #.†#....# #...#### $$!$ $ .#####..## ##..##.# !?!?$

'###.##..# $+.8#..#▓$(?()$ $
.##...#..# #.^#..#▓?$!()% $
<.'##.'..####..##.#▓($$!??$$
.##...#....###^8@##▓▓▓▓▓▓▓+
'###.##......≈≈≈≈)≈≈≈≈≈≈≈≈
#.####≈§.....≈#(########+###
#..#≈§≈≈≈≈≈..§#.._._._.#§≈≈#
#.##≈§≈≈≈≈≈≈.≈#._._._..#§§≈≈
+##≈≈≈≈§§≈≈≈≈≈#_._._._.#t≈§§
$$
≈≈≈≈≈≈§§≈≈§≈≈≈#._._._._#§§§≈
$
#+++#≈≈≈≈≈§§≈≈#.._._._.#§≈§§
$$ S≈°
##≈≈§###≈≈#..._._._#§§§§ $


You could see a crystal guardian.

Vanquished Creatures
  A death drake (D)
  A yaktaur (D)
  3 polar bears (D)
  A hornet (D)
  2 tyrant leeches (D)
  4 neqoxecs (D)
  A swamp drake (D)
  4 necrophages (D)
  A crocodile (D)
  A scorpion (D)
  4 worker ants (D)
23 creatures vanquished.

Vanquished Creatures (others)
  Menkaure (D)
  A swamp drake (D)
  A crocodile (D)
3 creatures vanquished.

Grand Total: 26 creatures vanquished

Notes
Turn   | Place    | Note
-------+----------+-------------------------------------------
     0 | D        | MikeHunt the Naga Assassin began the quest for the Orb.
     0 | D        | Reached XP level 1. HP: 19/19 MP: 1/1
     1 | D        | Noticed a necrophage
     1 | D        | Noticed a necrophage
     1 | D        | Noticed a necrophage
     1 | D        | Noticed a necrophage
    10 | D        | Killed a necrophage
    10 | D        | Reached skill level 10 in Stealth
    10 | D        | Reached XP level 2. HP: 26/26 MP: 2/2
    10 | D        | Reached XP level 3. HP: 32/32 MP: 3/3
    10 | D        | Reached XP level 4. HP: 39/39 MP: 4/4
    14 | D        | Killed a necrophage
    14 | D        | Reached skill level 12 in Stealth
    14 | D        | Reached XP level 5. HP: 44/44 MP: 5/5
    17 | D        | Killed a necrophage
    17 | D        | Reached skill level 14 in Stealth
    17 | D        | Reached XP level 6. HP: 51/51 MP: 6/6
    22 | D        | Killed a necrophage
    37 | D        | Killed Menkaure
    80 | D        | Reached skill level 5 in Fighting
   214 | D        | Reached XP level 7. HP: 66/66 MP: 7/7
   220 | D        | Noticed a neqoxec
   220 | D        | Noticed a neqoxec
   220 | D        | Noticed a neqoxec
   220 | D        | Noticed a neqoxec
   222 | D        | Killed a neqoxec
   222 | D        | Reached skill level 5 in Dodging
   224 | D        | Killed a neqoxec
   225 | D        | Killed a neqoxec
   228 | D        | Killed a neqoxec
   228 | D        | Reached XP level 8. HP: 83/83 MP: 8/8
   234 | D        | Noticed a tyrant leech
   234 | D        | Noticed a tyrant leech
   237 | D        | Killed a tyrant leech
   240 | D        | Killed a tyrant leech
   267 | D        | Noticed an ice statue
   270 | D        | Found Xoxorph's Antique Weapon Shoppe.
   270 | D        | Found Tukaifuu's Gadget Emporium.
   271 | D        | Reached skill level 10 in Fighting
   272 | D        | Found Nogaps's Antique Weapon Emporium.
   272 | D        | Found Ytuudog's Magic Scroll Shoppe.
   273 | D        | Found Zawaman's Antique Armour Shoppe.
   273 | D        | Found Dayhiph's Food Emporium.
   274 | D        | Found Kudaid's Magic Scroll Shoppe.
   275 | D        | Found Horr's Distillery.
   275 | D        | Found Uretakh's Distillery.
   276 | D        | Found Fehy's General Store.
   276 | D        | Found Hisetargh's Antique Armour Emporium.
   276 | D        | Noticed a hippogriff
   279 | D        | Found Ecock's Distillery.
   279 | D        | Found Xast's Book Emporium.
   279 | D        | Noticed a hippogriff
   279 | D        | Noticed a hippogriff
   279 | D        | Noticed an oklob plant
   280 | D        | Found Ranyitont's Jewellery Shoppe.
   280 | D        | Found Beavvol's Jewellery Emporium.
   280 | D        | Found Ysues's Book Shoppe.
   280 | D        | Noticed a fire dragon
   285 | D        | Noticed a death yak
   288 | D        | Bought the ring of Oxougorgh {+Inv +Fly rPois MR+} for 495
                  | gold pieces
   295 | D        | Bought a faintly humming leather armour for 182 gold pieces
   305 | D        | Identified the +2 leather armour of Plog {-Cast rPois Str+6
                  | Stlth+} (You bought it in a shop in the Dungeon)
   337 | D        | Found a roughly hewn altar of Beogh.
   338 | D        | Found a hazy altar of Hepliaklqana.
   338 | D        | Found a snail-covered altar of Cheibriados.
   339 | D        | Found a stormy altar of Qazlal.
   339 | D        | Found a viscous altar of Jiyva.
   339 | D        | Found a shadowy altar of Dithmenos.
   340 | D        | Found a sacrificial altar of Ru.
   340 | D        | Found an ancient bone altar of Kikubaaqudgha.
   340 | D        | Found a white marble altar of Elyvilon.
   341 | D        | Found an ornate altar of the Wu Jian Council.
   341 | D        | Found a deep blue altar of Sif Muna.
   341 | D        | Found a corrupted altar of Lugonu.
   341 | D        | Found a blossoming altar of Fedhas.
   342 | D        | Found a shimmering altar of Xom.
   342 | D        | Found a bloodstained altar of Trog.
   342 | D        | Found a burning altar of Makhleb.
   343 | D        | Found a glowing golden altar of the Shining One.
   343 | D        | Found a basalt altar of Yredelemnul.
   343 | D        | Found a hide-covered altar of Uskayaw.
   345 | D        | Found a glowing silver altar of Zin.
   345 | D        | Found a radiant altar of Vehumet.
   345 | D        | Found a sparkling altar of Nemelex Xobeh.
   345 | D        | Noticed a hornet
   345 | D        | Noticed a polar bear
   346 | D        | Found an opulent altar of Gozag.
   346 | D        | Found an iron altar of Okawaru.
   346 | D        | Noticed a yaktaur
   346 | D        | Noticed a polar bear
   347 | D        | Noticed a polar bear
   355 | D        | Became a worshipper of Gozag Ym Sagoz the Greedy
   365 | D        | Killed a hornet
   365 | D        | Reached skill level 10 in Short Blades
   365 | D        | Reached XP level 9. HP: 84/92 MP: 6/11
   369 | D        | Killed a polar bear
   369 | D        | Reached skill level 5 in Evocations
   379 | D        | Killed a yaktaur
   398 | D        | Killed a polar bear
   405 | D        | Killed a polar bear
   707 | D        | Bought a runed dagger for 125 gold pieces
   707 | D        | Bought a glowing dagger for 125 gold pieces
   710 | D        | Bought a scroll of remove curse for 42 gold pieces
   720 | D        | Bought an embroidered robe for 96 gold pieces
   744 | D        | Bought a +4 ring of evasion for 432 gold pieces
   779 | D        | Noticed a death drake
   784 | D        | Noticed a death drake
   787 | D        | Noticed a crystal guardian
   797 | D        | Killed a death drake
   797 | D        | Reached skill level 15 in Stealth
   802 | D        | Slain by a crystal guardian

Levels and vault maps discovered:
D:        the_violet_keep_of_menkaure [sprint2_stairs_cluster_1,
          sprint2_shoproom, sprint2_temple, sprint2_basic_supplies,
          sprint2_obstacle_5, sprint2_obstacle_3, sprint2_obstacle_2,
          sprint2_obstacle_6, sprint2_obstacle_4, sprint2_timed_cluster_1,
          sprint2_smallroom_cluster_1, sprint2_smallroom_final_cluster_1,
          sprint2_transparent_cluster_1, sprint2_second_timed_cluster_1,
          sprint2_sniper_area_1, sprint2_heavy_combat_area_1,
          sprint2_mutation_trap_area_1, sprint2_forest_area_1,
          sprint2_light_combat_area_1, sprint2_behind_water_1,
          sprint2_near_end_vault_1]

Skill      XL: |  1  2  3  4  5  6  7  8  9 |
---------------+----------------------------+-----
Short Blades   | 6 7 9 10 | 10.0
Stealth        | 10 12 14 15 | 15.3
Fighting       | 5 8 10 | 10.0
Dodging        | 4 7 8 9 |  9.2
Throwing       | 3 |  3.3
Evocations     | 3 9 |  9.7

Action                   |  1- 3 |  4- 6 |  7- 9 || total
-------------------------+-------+-------+-------++-------
Melee: Dagger            |     5 |    36 |    52 ||    93
Invok: Potion Petition   |       |       |     1 ||     1
 Abil: Spit Poison       |       |     2 |     1 ||     3
       Evoke Invisibilit |       |       |     3 ||     3
  Use: Potion            |     1 |       |     1 ||     2
       Scroll            |       |       |     2 ||     2
 Stab: Sleeping          |       |     2 |     8 ||    10
       Invisible         |       |       |     9 ||     9
Armor: Robe              |       |     3 |       ||     3
       Leather armour    |       |       |     6 ||     6
Dodge: Dodged            |     3 |     8 |    45 ||    56

Table legend:
 A = Non-vault XP
 B = Vault XP
 C = Vault XP percentage of total XP
 D = Non-vault monster count
 E = Vault monster count
 F = Vault count percentage of total count
                 A         B        C        D         E       F
            +---------+---------+-------+---------+---------+-------
      Total |       0 |    4468 | 100.0 |       0 |      23 | 100.0
            +---------+---------+-------+---------+---------+-------
          D |       0 |    4468 | 100.0 |       0 |      23 | 100.0
            +---------+---------+-------+---------+---------+-------
